 Dungeon Crawl Stone Soup version 0.25.1-2-g60ff931df9 (webtiles) character file.

Game seed: 8062525497618645029

5 ubername the Vexing (level 1, 0/17 HPs)
             Began as a Gnoll Arcane Marksman on Sept 30, 2020.
             Slain by Terence
             ... wielding a +2 hand axe of electrocution
              (9 damage)
             ... on level 2 of the Dungeon.
             The game lasted 00:01:50 (763 turns).

ubername the Vexing (Gnoll Arcane Marksman)          Turns: 763, Time: 00:01:51

Health: 0/17       AC:  2    Str: 12    XL:     1   Next: 80%
Magic:  4/4        EV: 14    Int: 15    God:
Gold:   33         SH:  0    Dex: 15    Spells: 4/5 levels left

rFire    . . .     SeeInvis .   b - +0 mace
rCold    . . .     Gourm    .   (no shield)
rNeg     . . .     Faith    .   e - +0 robe
rPois    .         Spirit   .   (no helmet)
rElec    .         Reflect  .   (no cloak)
rCorr    .         Harm     .   (no gloves)
MR       .....                  (no boots)
Stlth    +.........             (no amulet)
HPRegen  0.05/turn              (no ring)
MPRegen  0.09/turn              (no ring)

@: no status effects
A: distributed training, fangs 1, strong nose
a: no special abilities


You were on level 2 of the Dungeon.
You were not hungry.

You visited 1 branch of the dungeon, and saw 2 of its levels.

You collected 33 gold pieces.

Inventory:

Hand Weapons
 a - a +0 hunting sling
 b - a +0 mace (weapon)
Missiles
 d - 20 sling bullets
Armour
 e - a +0 robe (worn)
Scrolls
 h - a scroll of identify {unknown}
 i - a scroll of enchant armour {unknown}
Potions
 g - a potion of heal wounds {unknown}
 j - a potion of flight {unknown}
Comestibles
 f - 3 rations


   Skills:
 + Level 2.4 Fighting
 + Level 0.1 Short Blades
 + Level 0.1 Long Blades
 + Level 0.1 Axes
 + Level 0.1 Maces & Flails
 + Level 0.1 Polearms
 + Level 0.1 Staves
 + Level 4.4 Slings
 + Level 0.1 Bows
 + Level 0.1 Crossbows
 + Level 0.1 Throwing
 + Level 0.1 Armour
 + Level 4.4 Dodging
 + Level 0.1 Stealth
 + Level 0.1 Shields
 + Level 0.1 Unarmed Combat
 + Level 2.6 Spellcasting
 + Level 0.1 Conjurations
 + Level 5.3 Hexes
 + Level 0.1 Charms
 + Level 0.1 Summonings
 + Level 0.1 Necromancy
 + Level 0.1 Translocations
 + Level 0.1 Transmutations
 + Level 0.1 Fire Magic
 + Level 0.1 Ice Magic
 + Level 0.1 Air Magic
 + Level 0.1 Earth Magic
 + Level 0.1 Poison Magic
 + Level 0.2 Invocations
 + Level 0.1 Evocations


You had 4 spell levels left.
You knew the following spells:

 Your Spells              Type           Power        Failure   Level  Hunger
a - Corona                Hex            ###....      2%          1    #......

Your spell library contained the following spells:

 Spells                   Type           Power        Failure   Level  Hunger
 Slow                     Hex            ###.....     3%          2    ###....
 Inner Flame              Hex/Fire       ##......     21%         3    ###....
 Portal Projectile        Hex/Tloc       ##....       21%         3    ###....
 Cause Fear               Hex            ###.......   22%         4    #####..
 Leda's Liquefaction      Hex/Erth       ##........   56%         4    #####..


Dungeon Overview and Level Annotations

Branches:
Dungeon (2/15)

Altars:

Annotations:
D:2 Terence


Innate Abilities, Weirdness & Mutations

Your experience applies equally to all skills.
You have very sharp teeth.
Your uncanny sense of smell can sniff out nearby items.


Message History

You hit Terence but do no damage.
Terence is lightly wounded.
The bat hits you but does no damage.
Terence hits you with a +2 hand axe of electrocution.
Terence hits you but does no damage. The bat hits you.
You hit Terence.
Terence is lightly wounded.
The bat hits you. The bat completely misses you. Terence closely misses you.
You barely miss Terence.
Terence is lightly wounded.
The bat misses you. x2
Terence says, "Don't bother to defend, it's pointless."
Terence closely misses you.
You hit Terence.
Terence is moderately wounded.
The bat barely misses you. x2
Terence hits you with a +2 hand axe of electrocution.
Terence hits you with a +2 hand axe of electrocution!
Ouch! That really hurt!
You die...

###.#####
#.....@@#
#.##%.....#
#......####
###.#.. ..
..b ## ....
####. #.


You could see Terence and a bat.

Vanquished Creatures
  A giant cockroach (D:1)
  A goblin (D:1)
  A kobold (D:1)
  A bat (D:1)
  A rat (D:1)
5 creatures vanquished.

Notes
Turn   | Place    | Note
-------+----------+-------------------------------------------
     0 | D:1      | ubername the Gnoll Arcane Marksman began the quest for the
                  | Orb.
     0 | D:1      | Reached XP level 1. HP: 17/17 MP: 4/4
   756 | D:2      | Noticed Terence
   763 | D:2      | Slain by Terence

Illustrated notes

Levels and vault maps discovered:
D:1:      dpeg_arrival_rhombus, layout_basic, minmay_hedge_maze,
          chequers_serial_rivers_micro_e
D:2:      layout_basic, grunt_temple_overflow_holy_war, first_ration,
          serial_forest, infiniplex_forest_straight_2,
          infiniplex_forest_lined_2, infiniplex_forest_clump_small,
          infiniplex_forest_straight_4, infiniplex_forest_lined_3,
          infiniplex_forest_lined_3, infiniplex_forest_lined_3,
          infiniplex_forest_straight_2, uniq_terence

Action                   || total
-------------------------++-------
Melee: Unarmed           ||     9
       Mace              ||     5
       Bite              ||     2
 Fire: Hunting sling     ||     9
Throw: Stone             ||     2
 Cast: Corona            ||     1
Armor: Robe              ||     6
Dodge: Dodged            ||    18
